 Dungeon Crawl Stone Soup version 0.27.1-2-g3b301248ec (webtiles) character file.

Game seed: 594038582778102636

151 Crownlay the Digger (level 5, 0/31 HPs)
             Began as an Octopode Earth Elementalist on Oct 2, 2021.
             Shot with an arrow by a centaur (11 damage)
             ... on level 4 of the Dungeon.
             The game lasted 00:06:49 (3092 turns).

Crownlay the Digger (Octopode Earth Elementalist)   Turns: 3092, Time: 00:06:50

Health: 0/31       AC:  1    Str:  7    XL:     5   Next: 33%
Magic:  9/9        EV: 13    Int: 18    God:
Gold:   107        SH:  0    Dex: 13    Spells: 9/10 levels left

rFire    . . .     SeeInvis .   h - +0 dagger
rCold    . . .     Faith    .   (no shield)
rNeg     . . .     Spirit   .   (helmet restricted)
rPois    .         Reflect  .   (no amulet)
rElec    .         Harm     .   k - ring of willpower
rCorr    .         Rampage  .   (no ring)
Will     +....                  (no ring)
Stlth    +++.......             (no ring)
HPRegen  0.10/turn              (no ring)
MPRegen  0.11/turn              (no ring)
                                (no ring)
                                (no ring)

@: no status effects
A: almost no armour, amphibious, 8 rings, camouflage 1, gelatinous body 1,
(nimble swimmer 1), tentacles
a: no special abilities


You were on level 4 of the Dungeon.
You visited 1 branch of the dungeon, and saw 4 of its levels.

You collected 107 gold pieces.

Inventory:

Hand Weapons
 h - a +0 dagger (weapon)
Missiles
 b - 73 stones
 e - 16 poisoned darts (quivered)
Jewellery
 k - a ring of willpower (left tentacle)
Scrolls
 a - a scroll of identify {unknown}
 d - 2 scrolls of blinking {unknown}
 f - a scroll of enchant armour {unknown}
 j - a scroll of amnesia {unknown}
 m - a scroll of immolation {unknown}
Potions
 c - a potion of curing {unknown}
 g - 3 potions of berserk rage {unknown}
 i - a potion of flight {unknown}
 l - a potion of degeneration {unknown}


   Skills:
 - Level 2.0 Dodging
 - Level 2.6 Stealth
 + Level 3.2 Spellcasting
 - Level 1.0 Transmutations
 * Level 5.1 Earth Magic


You had 9 spell levels left.
You knew the following spells:

 Your Spells              Type           Power      Damage    Failure   Level
a - Sandblast             Erth           42%        2d11      1%          1

Your spell library contained the following spells:

 Spells                   Type           Power      Damage    Failure   Level
 Passwall                 Tmut/Erth      10%        N/A       7%          2
 Stone Arrow              Conj/Erth      24%        3d8       17%         3
 Petrify                  Tmut/Erth      13%        N/A       41%         4


Dungeon Overview and Level Annotations

Branches:
Dungeon (4/15)
 Temple: D:4-7

Altars:
Cheibriados

Shops:
D:3 **[[


Innate Abilities, Weirdness & Mutations

You cannot wear most types of armour.
You are amphibious.
You can wear up to eight rings at the same time.
Your skin changes colour to match your surroundings (Stealth+).
Your rubbery body absorbs attacks. (AC +1, EV +1)
((You are camouflaged near water. (Stealth+)))
You have tentacles for arms and can constrict up to eight enemies at once.


Message History

You throw a poisoned dart. The poisoned dart hits the bat.
The bat is poisoned.
The bat barely misses you. The bat barely misses you.
You see here a poisoned dart.
You closely miss the bat. You grab the bat. You squeeze the bat.
You kill the bat!
e - 17 poisoned darts (gained 1)
e - 18 poisoned darts (gained 1)
You see here a bat corpse.
There is a stone staircase leading down here.
Done exploring.
Done exploring.
Done exploring.
Done exploring.
Done exploring.
Unknown command.
Okay, then.
(D) Dungeon
Where to? (Enter - D:3, ? - help)
There is a stone staircase leading down here.
You climb downwards.
Found a snail-covered altar of Cheibriados.
There is a stone staircase leading up here.
Found 26 sling bullets.
A centaur comes into view.
The centaur shouts!
The centaur wields a +0 shortbow.
The centaur shoots an arrow.
The arrow barely misses you.
You throw a poisoned dart. The poisoned dart hits the centaur.
The centaur shoots an arrow.
The arrow barely misses you.
You throw a poisoned dart.
The poisoned dart closely misses the centaur.
The centaur shoots an arrow.
The arrow hits you!
Ouch! That really hurt!
The centaur shoots an arrow.
The arrow barely misses you.
The centaur shoots an arrow.
The arrow hits you.
The centaur shoots an arrow.
The arrow closely misses you.
The centaur shoots an arrow.
The arrow completely misses you.
The centaur shoots an arrow.
The arrow hits you!
You die...

...# c. ....###.
....#... ....#..
#.#.#.. #.#.#c# ..
#.#.#.### #
....##.#<#...# ..#
#.#...@####.##.....
.._........c....#
.#.#.......#....#
..........#....#
.................+
........#........#
.....####..........
..(.. #...........
... #..........#


You could see a centaur.

Vanquished Creatures
  A water moccasin skeleton (D:2)
  Robin (D:2)
  An adder (D:3)
  A worm (D:2)
  4 dart slugs
  5 bats
  6 endoplasms
  2 giant cockroaches
  11 goblins
  9 hobgoblins
  6 jackals (D:2)
  2 quokkas
  6 ball pythons
  2 frilled lizards
  6 kobolds
  6 rats
69 creatures vanquished.

Notes
Turn   | Place    | Note
-------+----------+-------------------------------------------
     0 | D:1      | Crownlay the Octopode Earth Elementalist began the quest
                  | for the Orb.
     0 | D:1      | Reached XP level 1. HP: 11/11 MP: 3/3
   378 | D:1      | Reached XP level 2. HP: 17/17 MP: 3/5
  1152 | D:2      | Reached XP level 3. HP: 18/21 MP: 6/6
  1214 | D:2      | Reached skill level 4 in Earth Magic
  1214 | D:2      | Reached XP level 4. HP: 11/27 MP: 1/8
  1562 | D:2      | Found a faded altar of an unknown god.
  1648 | D:2      | Noticed Robin
  1663 | D:2      | Killed Robin
  1850 | D:2      | Reached XP level 5. HP: 19/31 MP: 9/9
  2463 | D:3      | Reached skill level 5 in Earth Magic
  2492 | D:3      | Found Zasiyra's General Store.
  2536 | D:3      | Found Usuichoz's Antique Armour Emporium.
  2614 | D:3      | Found Lavikev's Assorted Antiques.
  2792 | D:3      | Found Tuathiph's Antique Armour Boutique.
  3072 | D:4      | Found a snail-covered altar of Cheibriados.
  3081 | D:4      | Noticed a centaur
  3092 | D:4      | Shot with an arrow by a centaur

Illustrated notes

Levels and vault maps discovered:
D:1:      nzn_arrival_crosshair, layout_rooms
D:2:      layout_rooms, hellmonk_ecumenical_altar_run_dry, uniq_robin
D:3:      layout_loops_ring, serial_shops, nicolae_shop_overgrown_old_shop,
          nicolae_shop_behind_doors, shop_statue, nicolae_shop_statue_plus
D:4:      gammafunk_wand_slinger, layout_basic, lemuel_crystal_altar,
          serial_shops, shop, nicolae_shop_behind_doors,
          nicolae_shop_statue_plus, nicolae_inconvenience_store, shop,
          st_stairs_7, grunt_decor_mini_mirrors

Skill      XL: |  1  2  3  4  5 |
---------------+----------------+-----
Earth Magic    | 4 5 |  5.1
Spellcasting   | 3 |  3.2
Dodging        | |  2.0
Stealth        | |  2.6
Transmutations | |  1.0

Action                   |  1- 3 |  4- 6 || total
-------------------------+-------+-------++-------
Melee: Unarmed           |    31 |     2 ||    33
       Constrict         |     9 |    14 ||    23
       Tentacles         |     7 |     8 ||    15
       Dagger            |       |    34 ||    34
Throw: Dart              |     8 |   102 ||   110
       Stone             |       |     2 ||     2
 Cast: Sandblast         |    19 |    21 ||    40
 Stab: Sleeping          |     1 |       ||     1
Armor: Skin              |       |     7 ||     7
Dodge: Dodged            |    25 |    56 ||    81
